 Dungeon Crawl Stone Soup version 0.27.1-33-g824d729ab1 (webtiles) character file.

Game seed: 3851363116384184381

102221 MisterFreud the Executioner (level 16, -4/151 HPs)
             Began as a Hill Orc Abyssal Knight on Dec 21, 2021.
             Was a High Priest of Lugonu.
             Slain by a freezing wraith (7 damage)
             ... led by a death knight
             ... on level 14 of the Dungeon.
             The game lasted 00:44:46 (35180 turns).

MisterFreud the Executioner (HOAK)                 Turns: 35180, Time: 00:44:47

Health: -4/151     AC: 22    Str: 21    XL:     16   Next: 32%
Magic:  27/27      EV:  8    Int: 15    God:    Lugonu [*****.]
Gold:   1193       SH:  9    Dex: 11    Spells: 15/15 levels left

rFire    . . .     SeeInvis .   N - +2 war axe (flame)
rCold    . . .     Faith    .   n - +0 buckler
rNeg     . . .     Spirit   .   m - +4 chain mail
rPois    +         Reflect  +   G - +0 helmet
rElec    .         Harm     .   W - +2 cloak {rPois}
rCorr    +         Rampage  .   J - +0 pair of gloves
Will     +++..                  (no boots)
Stlth    ..........             l - amulet of reflection
HPRegen  0.35/turn              r - ring of resist corrosion
MPRegen  0.20/turn              E - ring of the Mage {Wiz Will++ Int+3}

@: no status effects
A: no striking features
a: Renounce Religion, Depart the Abyss, Bend Space, Banish, Corrupt, Enter the
Abyss


You were on level 14 of the Dungeon.
You worshipped Lugonu.
Lugonu was extremely pleased with you.
You visited 2 branches of the dungeon, and saw 21 of its levels.
You visited the Abyss 2 times.
You also visited: Bailey and Ice Cave.

You collected 2088 gold pieces.
You spent 895 gold pieces at shops.

Inventory:

Hand Weapons
 a - a +0 war axe of electrocution
 y - a +1 executioner's axe of draining
 N - a +2 war axe of flaming (weapon)
Missiles
 b - 5 silver javelins
 c - 134 bolts
 f - 75 poisoned darts (quivered)
 x - 11 curare-tipped darts
 z - 30 boomerangs
 T - 8 throwing nets
Armour
 m - a +4 chain mail (worn)
 n - a +0 buckler (worn)
 G - a +0 helmet (worn)
 J - a +0 pair of gloves (worn)
 W - a +2 cloak of poison resistance (worn)
Jewellery
 l - an amulet of reflection (around neck)
 r - a ring of resist corrosion (left hand)
 E - the ring of the Mage (right hand) {Wiz Will++ Int+3}
   (You found it on level 7 of the Dungeon)

   [ring of wizardry]

   It improves your spell success rate.
   Int:       It affects your intelligence (+3).
   Will:      It greatly increases your willpower.
 X - a +6 ring of dexterity
Wands
 t - a wand of digging (6)
 u - a wand of flame (51)
 F - a wand of paralysis (13)
 I - a wand of polymorph (17)
 K - a wand of mindburst (28)
 P - a wand of acid (9)
 V - a wand of iceblast (13)
 Y - a wand of charming (5)
Scrolls
 e - 5 scrolls of amnesia
 h - 4 scrolls of fog
 j - 3 scrolls of enchant weapon
 k - 2 scrolls of blinking
 o - 9 scrolls of teleportation
 q - 5 scrolls of fear
 B - a scroll of enchant armour
 H - a scroll of silence
 O - 5 scrolls of identify
 R - a scroll of holy word
 U - 3 scrolls of magic mapping
Potions
 d - 3 potions of ambrosia
 g - 15 potions of curing
 i - 3 potions of might
 s - 3 potions of berserk rage
 v - 2 potions of brilliance
 w - 4 potions of haste
 A - a potion of cancellation
 C - 3 potions of heal wounds
 D - 2 potions of magic
 L - 2 potions of mutation
 M - 5 potions of flight
 Z - 2 potions of resistance
Miscellaneous
 p - a tin of tremorstones (1/2)
 Q - a lightning rod (4/4)
 S - a phial of floods


   Skills:
 - Level 16.0 Fighting
 + Level 21.3 Axes
 - Level 12.0 Armour
 - Level 0.7 Dodging
 - Level 4.0 Shields
 - Level 15.0 Invocations
 + Level 6.5 Evocations


You had 15 spell levels left.
You didn't know any spells.
Your spell library contained the following spells:

 Spells                   Type           Power      Damage    Failure   Level
 Beastly Appendage        Tmut           0%         N/A       52%         1
 Corona                   Hex            0%         N/A       52%         1
 Magic Dart               Conj           0%         1d3       52%         1
 Shock                    Conj/Air       0%         1d3       52%         1
 Ensorcelled Hibernation  Hex/Ice        0%         N/A       65%         2
 Searing Ray              Conj           0%         3d3       65%         2
 Wereblood                Tmut           0%         N/A       65%         2
 Conjure Flame            Conj/Fire      0%         6-21      86%         3
 Dazzling Flash           Conj/Hex       0%         N/A       86%         3
 Ignite Poison            Fire/Tmut/Pois 0%         N/A       86%         3
 Spider Form              Tmut/Pois      0%         N/A       86%         3
 Swiftness                Air            0%         N/A       86%         3
 Tukima's Dance           Hex            0%         N/A       86%         3
 Airstrike                Air            0%         N/A       99%         4
 Fulminant Prism          Conj/Hex       0%         3d6       99%         4
 Hailstorm                Conj/Ice       0%         3d3       99%         4
 Ice Form                 Ice/Tmut       0%         N/A       99%         4
 Iskenderun's Mystic Bla  Conj/Tloc      0%         2d3       99%         4
 Petrify                  Tmut/Erth      0%         N/A       99%         4
 Sticky Flame             Conj/Fire      0%         2d3       99%         4
 Simulacrum               Ice/Necr       0%         N/A       100%        6
 Starburst                Conj/Fire      0%         6d3       100%        6
 Dragon Form              Tmut           0%         N/A       100%        7


Dungeon Overview and Level Annotations

Branches:
Dungeon (15/15)            Temple (0/1) D:6            Lair (6/6) D:11
 Shoals (0/4) Lair:4        Snake (0/4) Lair:2        Slime (0/5) Lair:6
    Orc (0/2) D:10         Vaults (0/5) D:14         Bailey (visited)
  IceCv (visited)
 Depths: D:15

Altars:
Ashenzari
Cheibriados
Makhleb
Qazlal
Sif Muna
Uskayaw
Vehumet
Wu Jian
Yredelemnul
Zin
The Shining One
Jiyva

Shops:
D:3 *   D:5 :**!   D:6 =   D:12 [

Portals:
Trove: D:12 (lose all piety)

Annotations:
D:6 1 runed translucent door, Jazqba's ghost, novice HOGl
D:11 1 runed translucent door, madmanarnold's ghost, journeyman FoFi
Lair:4 exclusion: 2 oklob plants
Lair:5 2 transporters, Ruewk's ghost, journeyman CeAM
Lair:6 1 runed translucent door


Message History

You see here a shapeshifter corpse.
There is an open door here.
There is a stone staircase leading up here.
The freezing wraith hits you but does no damage. x2
You climb upwards.
There is a stone staircase leading down here.
You hit the freezing wraith but do no damage.
The freezing wraith barely misses you. You block the freezing wraith's attack.
You hit the freezing wraith. You burn the freezing wraith.
The freezing wraith is lightly damaged.
You block the freezing wraith's attack.
The freezing wraith hits you but does no damage.
You slash the freezing wraith! You burn the freezing wraith!
The freezing wraith is heavily damaged.
You closely miss the freezing wraith.
The freezing wraith is heavily damaged.
The freezing wraith hits you but does no damage.
You block the freezing wraith's attack.
You slash the freezing wraith! You burn the freezing wraith.
The freezing wraith is almost destroyed.
The freezing wraith hits you.
* * * LOW HITPOINT WARNING * * *
The freezing wraith freezes you!!
* * * LOW HITPOINT WARNING * * *
The freezing wraith hits you.
* * * LOW HITPOINT WARNING * * *
Unknown command.
Your chain mail prevents you from hitting the freezing wraith.
The freezing wraith is almost destroyed.
You hit the freezing wraith. You burn the freezing wraith.
The freezing wraith is almost destroyed.
The freezing wraith hits you.
* * * LOW HITPOINT WARNING * * *
The freezing wraith freezes you!
* * * LOW HITPOINT WARNING * * *
The freezing wraith hits you but does no damage.
You closely miss the freezing wraith.
The freezing wraith is almost destroyed.
The freezing wraith barely misses you. The freezing wraith hits you!
You die...

##........## ##.....
#..........# ####..#
#..........# #..(..#
#........>.#########..####
#..........#.#?....#..#...
#....[.......#..#.##..##.#
##.........###.#.#.#))#.#.
##.......W.# #..##.#..#.##
#........@.###.#..........
#...<....>...#####.#..#.##
#..........#..............
#..........#........).....
#..........#######)#..#.##
##........## #.#..........
##......## #..##.#..#.##
######## #.#.#.#..#.#.
#..#.##..##.#


You could see a freezing wraith.

Vanquished Creatures
  Frances (D:14)
  4 boulder beetles
  9 hydras
  An ogre mage (D:15)
  A vault guard (D:12)
  Harold (D:10)
  2 ironbound frosthearts (IceCv)
  9 two-headed ogres
  A death knight (D:15)
  10 death yaks
  Sonja (Lair:2)
  4 skeletal warriors
  A swamp dragon (Lair:6)
  A lindwurm (Lair:6)
  2 phantasmal warriors (D:15)
  A deep elf archer (D:14)
  An orc knight (D:14)
  3 deep elf pyromancers
  9 ugly things
  A manticore (shapeshifter) (D:15)
  9 black mambas
  A merfolk siren (Lair:4)
  9 elephants (Lair:6)
  7 torpor snails (Lair:6)
  An ice statue (IceCv)
  16 cane toads
  Maggie (Lair:2)
  2 rime drakes
  2 unseen horrors (D:11)
  2 ice devils (D:13)
  A kobold demonologist (D:13)
  An efreet (D:14)
  11 komodo dragons
  3 merfolk (Lair:4)
  4 trolls
  7 hornets
  4 tyrant leeches (Lair:6)
  14 polar bears (IceCv)
  5 meliai
  Prince Ribbit (D:5)
  Grinder (D:4)
  4 slime creatures (D:12)
  6 dream sheep (Lair:6)
  Sigmund (D:3)
  A centaur simulacrum (D:15)
  2 wraiths
  59 yaks
  8 wyverns
  Grum (D:9)
  5 vampire mosquitoes (D:12)
  5 basilisks
  A steam dragon (Lair:6)
  3 nagas (Lair:2)
  3 acid dragons
  18 water moccasins
  Duvessa (D:6)
  2 swamp drakes
  A hornet zombie (D:7)
  2 ice beasts
  4 orc warriors
  A sky beast (D:7)
  6 black bears
  A black bear (shapeshifter) (D:15)
  A necrophage (D:6)
  An ogre (shapeshifter) (D:14)
  24 wolves
  9 ogres
  2 phantoms
  3 centaurs
  2 kobold brigands
  9 gnoll sergeants
  4 scorpions
  15 bullfrogs
  3 wyvern zombies
  Dowan (D:6)
  5 killer bees (D:10)
  12 wights
  3 howler monkeys
  3 bullfrog zombies
  2 centaur zombies
  6 centaur skeletons
  6 hounds
  4 jellies
  7 gnoll shamans
  11 orc priests
  Crazy Yiuf (D:3)
  A bullfrog skeleton (D:6)
  7 iguanas
  Terence (D:3)
  3 orc wizards
  2 howler monkey zombies
  19 gnolls
  5 adders
  2 shadow imps
  2 white imps
  2 adder skeletons (D:4)
  A dart slug (D:1)
  44 orcs
  3 ball pythons
  7 endoplasms
  2 giant cockroaches
  2 goblins
  9 hobgoblins
  5 jackals
  2 quokkas (D:3)
  4 bats
  4 frilled lizards
  11 kobolds
  6 rats
578 creatures vanquished.

Vanquished Creatures (others)
  An ogre mage (D:14)
  A bush (Lair:6)
  55 fungi
  70 plants
  2 withered plants (D:6)
129 creatures vanquished.

Grand Total: 707 creatures vanquished

Notes
Turn   | Place    | Note
-------+----------+-------------------------------------------
     0 | Abyss:1  | MisterFreud the Hill Orc Abyssal Knight began the quest for
                  | the Orb.
     0 | Abyss:1  | Reached XP level 1. HP: 19/19 MP: 2/2
    58 | D:1      | Escaped the Abyss
   124 | D:1      | Reached skill level 3 in Axes
   178 | D:1      | Reached * piety under Lugonu
   181 | D:1      | Reached XP level 2. HP: 10/26 MP: 3/3
   534 | D:1      | Reached skill level 4 in Axes
   963 | D:1      | Reached XP level 3. HP: 21/31 MP: 4/4
  1466 | D:2      | Found a faded altar of an unknown god.
  1946 | D:3      | Found Zin's Purification Station.
  1957 | D:3      | Found a glowing silver altar of Zin.
  1978 | D:3      | Reached skill level 5 in Axes
  1989 | D:3      | Reached XP level 4. HP: 33/39 MP: 5/5
  2049 | D:3      | Noticed Terence
  2139 | D:4      | Reached skill level 1 in Shields
  2157 | D:4      | Reached ** piety under Lugonu
  2260 | D:4      | Noticed a scorpion
  2274 | D:4      | Killed a scorpion
  2275 | D:4      | Reached skill level 6 in Axes
  2275 | D:4      | Reached XP level 5. HP: 45/45 MP: 6/6
  2512 | D:4      | Found a radiant altar of Vehumet.
  2576 | D:4      | Noticed a wyvern
  2576 | D:4      | Noticed a yak
  2576 | D:4      | Noticed a black bear
  2585 | D:5      | Entered Level 5 of the Dungeon
  2601 | D:5      | Found Zyzoedgh's Assorted Antiques.
  2605 | D:5      | Bought a scroll labelled XIEPLA MONU for 28 gold pieces
  2605 | D:5      | Bought a murky pink potion for 25 gold pieces
  2605 | D:5      | Bought a sedimented silvery potion for 25 gold pieces
  2605 | D:5      | Bought a blue potion for 25 gold pieces
  2612 | D:5      | Noticed Prince Ribbit
  2634 | D:5      | Killed Prince Ribbit
  2635 | D:5      | Reached skill level 7 in Axes
  2635 | D:5      | Reached XP level 6. HP: 44/51 MP: 7/7
  2749 | D:5      | Noticed a water moccasin
  2756 | D:5      | Killed a water moccasin
  2757 | D:5      | Reached XP level 7. HP: 44/57 MP: 8/8
  2889 | D:5      | Reached skill level 8 in Axes
  2989 | D:5      | Found Lijeu's Distillery.
  3180 | D:5      | Found Kohioppi's Assorted Antiques.
  3186 | D:5      | Bought a smoky sapphire potion for 20 gold pieces
  3186 | D:5      | Bought a lumpy purple potion for 20 gold pieces
  3447 | D:5      | Found Poec's Book Shop.
  3743 | D:4      | Noticed Grinder
  3743 | D:4      | Paralysed by Grinder for 4 turns
  3772 | D:3      | Reached skill level 9 in Axes
  3772 | D:3      | Reached skill level 5 in Armour
  3772 | D:3      | Reached XP level 8. HP: 28/64 MP: 9/9
  3983 | D:3      | Killed Terence
  4192 | D:3      | Noticed Sigmund
  4209 | D:3      | Killed Sigmund
  4300 | D:3      | Found a runed translucent door.
  4301 | D:3      | Noticed Crazy Yiuf
  4323 | D:3      | Killed Crazy Yiuf
  4598 | D:4      | Paralysed by Grinder for 5 turns
  4612 | D:4      | Killed Grinder
  4613 | D:4      | Reached skill level 10 in Axes
  4831 | D:4      | Reached skill level 5 in Fighting
  4936 | D:4      | Killed a wyvern
  5274 | D:4      | Killed a yak
  5275 | D:4      | Reached XP level 9. HP: 71/75 MP: 11/13
  5474 | D:5      | Bought a scroll labelled GEOGICOGGAU for 23 gold pieces
  5474 | D:5      | Bought a scroll labelled DOCAAR LIW for 23 gold pieces
  5474 | D:5      | Bought 2 murky purple potions for 41 gold pieces
  5474 | D:5      | Bought a scroll labelled AFUXEVV ULORPHISM for 23 gold
                  | pieces
  5474 | D:5      | Bought a lead wand for 92 gold pieces
  6001 | D:6      | Noticed Duvessa
  6474 | D:7      | Noticed a two-headed ogre
  6568 | D:6      | Killed Duvessa
  6569 | D:6      | Noticed Dowan
  6592 | D:6      | Killed Dowan
  6937 | D:6      | Reached *** piety under Lugonu
  7108 | D:6      | Reached skill level 10 in Invocations
  7194 | D:6      | Reached skill level 1 in Evocations
  7359 | D:6      | Found a staircase to the Ecumenical Temple.
  7536 | D:6      | Found Uvuaso's Jewellery Emporium.
  7615 | D:6      | Reached XP level 10. HP: 72/83 MP: 17/17
  7776 | D:6      | Found a runed translucent door.
  7777 | D:6      | Noticed Jazqba's ghost (novice HOGl)
  7902 | D:6      | Identified a scroll of acquirement
  7902 | D:6      | Acquired a +1 executioner's axe of draining
  8009 | D:7      | Found the ring of the Mage {Wiz Will++ Int+3}
  8135 | D:7      | Reached skill level 11 in Axes
  8305 | D:7      | Killed a two-headed ogre
  8506 | D:7      | Found a burning altar of Makhleb.
  8623 | D:7      | Reached skill level 5 in Evocations
  8702 | D:7      | Reached skill level 12 in Axes
  9296 | D:7      | Reached skill level 13 in Axes
  9643 | D:7      | Found a shimmering blue altar of Sif Muna.
  9852 | D:8      | Reached **** piety under Lugonu
 10550 | D:9      | Noticed a two-headed ogre
 10565 | D:9      | Killed a two-headed ogre
 10566 | D:9      | Reached skill level 14 in Axes
 10566 | D:9      | Reached XP level 11. HP: 45/91 MP: 18/18
 10922 | D:9      | Found a broken altar of Ashenzari.
 11021 | D:9      | Noticed Grum
 11038 | D:9      | Killed Grum
 11220 | D:9      | Found a glowing golden altar of the Shining One.
 11329 | D:9      | Found a snail-covered altar of Cheibriados.
 11461 | D:9      | Identified the +3 scale mail of Wekligra {rN+ Dex+5}
 11943 | D:10     | Entered Level 10 of the Dungeon
 11945 | D:10     | Found a flagged portal.
 11977 | Bailey   | Entered a bailey
 12816 | Bailey   | Found the +8 autumn katana {vorpal, Clar}
 12876 | Bailey   | Reached ***** piety under Lugonu
 13288 | D:10     | Identified the +2 spear of Fedhas's Hope {drain, rC- Dex+7}
 13398 | D:10     | Reached skill level 15 in Axes
 13402 | D:10     | HP: 2/94 [orc priest/divine providence (16)]
 13835 | D:10     | Found a staircase to the Orcish Mines.
 13968 | D:10     | Found a basalt altar of Yredelemnul.
 14361 | D:10     | Noticed Harold
 14379 | D:10     | Killed Harold
 14658 | D:10     | Found a stormy altar of Qazlal.
 14785 | D:11     | Noticed a red ugly thing
 14796 | D:11     | Killed a red ugly thing
 14866 | D:11     | Noticed madmanarnold's ghost (journeyman FoFi)
 14870 | D:11     | Found a runed translucent door.
 15732 | D:11     | Found a staircase to the Lair.
 15732 | D:11     | Noticed a death yak
 15732 | D:11     | Noticed a death yak
 15732 | D:11     | Noticed a death yak
 15763 | D:11     | Killed a death yak
 15764 | D:11     | Reached skill level 10 in Fighting
 15764 | D:11     | Reached skill level 16 in Axes
 15776 | D:11     | Killed a death yak
 15777 | D:11     | Reached XP level 12. HP: 93/106 MP: 19/19
 15784 | D:11     | Killed a death yak
 15801 | D:11     | Reached skill level 17 in Axes
 16308 | D:5      | Bought a potion of experience for 550 gold pieces
 16308 | D:5      | Reached skill level 19 in Axes
 16308 | D:5      | Reached XP level 13. HP: 113/113 MP: 20/20
 16436 | Lair:1   | Entered Level 1 of the Lair of Beasts
 17852 | Lair:2   | Identified the +6 trident of Karma {vorpal, rPois rF+
                  | Int+2}
 18295 | Lair:2   | Found a staircase to the Snake Pit.
 18728 | Lair:2   | Noticed Sonja
 18747 | Lair:2   | Killed Sonja
 19121 | Lair:2   | Noticed Maggie
 19135 | Lair:2   | Reached skill level 20 in Axes
 19149 | Lair:2   | Killed Maggie
 20130 | Lair:3   | Reached skill level 10 in Armour
 20776 | Lair:4   | Reached XP level 14. HP: 72/121 MP: 21/21
 21078 | Lair:4   | Found a staircase to the Shoals.
 22415 | Lair:5   | Found a transporter.
 23110 | Lair:5   | Found a transporter.
 23121 | Lair:5   | Noticed Ruewk's ghost (journeyman CeAM)
 24085 | Lair:6   | Entered Level 6 of the Lair of Beasts
 24401 | Lair:5   | Reached ****** piety under Lugonu
 25406 | Lair:6   | Reached XP level 15. HP: 122/135 MP: 25/25
 25445 | Lair:6   | Found a viscous altar of Jiyva.
 25445 | Lair:6   | Found a staircase to the Slime Pits.
 25461 | Lair:6   | Identified the +10 rapier "Sanazynn" {vorpal, rF- Str+4
                  | Stlth+}
 26078 | Lair:6   | Found a runed translucent door.
 26577 | Lair:6   | Paralysed by a hornet for 1 turns
 28256 | D:12     | Found a portal to a secret trove of treasure.
 28547 | D:12     | Found Cesudgha's Armour Shop.
 29623 | D:13     | Found a frozen archway.
 29640 | IceCv    | Entered an ice cave
 29736 | IceCv    | Reached skill level 15 in Invocations
 30009 | IceCv    | Reached skill level 15 in Fighting
 30164 | IceCv    | Found the +4 skin of Zhor {*Englaciate rC+++ SInv}
 30278 | IceCv    | HP: 1/141 [ironbound frostheart/creeping frost (20)]
 30671 | IceCv    | Got the Grimoire of Transmigration
 31736 | D:13     | Identified the +2 robe "Fucisav" {+Blink rF+ Str+5}
 31849 | Abyss:1  | Found a corrupted altar of Lugonu.
 32162 | D:14     | Escaped the Abyss
 32558 | D:14     | Noticed Frances
 32575 | D:14     | Killed Frances
 32605 | D:14     | Reached XP level 16. HP: 21/151 MP: 27/27
 33402 | D:14     | Found a gate to the Vaults.
 33576 | D:14     | Found an ornate altar of the Wu Jian Council.
 33724 | D:15     | Entered Level 15 of the Dungeon
 33771 | D:14     | Reached skill level 21 in Axes
 34390 | D:15     | Found a hide-covered altar of Uskayaw.
 35179 | D:14     | HP: 3/151 [freezing wraith[a death knight] (17)]
 35180 | D:14     | Slain by a freezing wraith

Illustrated notes

Levels and vault maps discovered:
D:1:      evilmike_arrival_crescent, layout_basic
D:2:      layout_basic, chequers_ecumenical_altar_simple_redux
D:3:      layout_rooms, zin_purify, uniq_crazy_yiuf_cottage, uniq_terence,
          uniq_sigmund
D:4:      layout_cave_pools, amcnicky_altar_gilded, minmay_divided_ellipse,
          uniq_grinder
D:5:      layout_loops_corners, serial_shops, kennysheep_mini, shop,
          nicolae_shop_trees, shop, uniq_prince_ribbit1
D:6:      layout_basic, minmay_temple_entry_statues_fountains,
          gammafunk_ghost_grave, minmay_misc_feat_doors,
          kennysheep_windowed_goal, uniq_duvessa
D:7:      layout_loops_ring, lightli_temple_of_fire,
          mainiacjoe_overflow_alcove_1, nzn_random_ring
D:8:      layout_loops_ring
D:9:      layout_basic, mainiacjoe_overflow_chevrons,
          mainiacjoe_overflow_catch_the_wave, uniq_grum
D:10:     layout_loops_ring, nicolae_qazlal_eye_of_the_storm, lemuel_tele_altar,
          hiddenorc1_lemuel, enter_bailey_2, uniq_harold
D:11:     layout_loops_ring, dpeg_lair_monsters, hellmonk_ghost_happy_afterlife
D:12:     layout_basic, enter_trove_5, serial_shops, nicolae_take_the_stairs
D:13:     layout_roguey, portal_ice_cave_demonic_guard
D:14:     layout_rooms, hangedman_vaults_entry_quadrant_bands,
          nicolae_wu_jian_immortal_techniques, uniq_frances
D:15:     grunt_enter_depths_magical_seal, layout_basic,
          nicolae_uskayaw_suspiria
Lair:1:   layout_hall_layers, grunt_megastairs_2
Lair:2:   layout_roguey, guppyfry_snake_entry_garden, beast_lair_carwin_4,
          uniq_maggie, uniq_sonja
Lair:3:   layout_long_grid, lemuel_fruit_fields
Lair:4:   layout_loops_ring, elwin_shoals_entry_stream,
          minmay_lair_oklob_chamber, grunt_megastairs_1
Lair:5:   layout_small_grid, gammafunk_ghost_hive,
          grunt_forest_small_clearing_treed, infiniplex_staircase_pool_2,
          lemuel_fruit_fields, serial_bayou_shore_a
Lair:6:   wormcave, layout_regular_city, guppyfry_lair_end_dragon, slime_altar_1

Skill      XL: |  1  2  3  4  5  6  7  8  9 10 11 12 13 14 15 16 |
---------------+-------------------------------------------------+-----
Axes           | 3 4 5 6 7 9 10 14 16 19 20 21 | 21.3
Shields        | 2 3 4 |  4.0
Armour         | 3 4 5 6 11 12 | 12.0
Fighting       | 6 10 13 16 | 16.0
Invocations    | 6 10 13 15 | 15.0
Evocations     | 3 5 6 |  6.5
Dodging        | |  0.7

Action                   |  1- 3 |  4- 6 |  7- 9 | 10-12 | 13-15 | 16-18 || total
-------------------------+-------+-------+-------+-------+-------+-------++-------
Melee: Hand axe          |    97 |    82 |   461 |       |       |       ||   640
       War axe           |       |       |    46 |   682 |  1286 |   181 ||  2195
Throw: Dart              |       |    16 |    67 |    42 |    12 |       ||   137
       Boomerang         |       |       |     8 |       |       |       ||     8
Invok: Depart the Abyss  |     1 |       |       |       |     1 |       ||     2
       Banish            |       |       |       |       |     3 |     1 ||     4
       Enter the Abyss   |       |       |       |       |     1 |       ||     1
Evoke: Lightning rod     |       |       |       |     4 |     5 |       ||     9
       Wand              |       |       |       |       |     2 |       ||     2
       Tin of tremorston |       |       |       |       |     3 |       ||     3
  Use: Scroll            |       |     6 |     2 |    16 |     4 |     2 ||    30
       Potion            |       |       |     2 |     3 |     3 |       ||     8
 Stab: Held in net/web   |       |       |       |     1 |       |       ||     1
Armor: Leather armour    |    13 |       |       |       |       |       ||    13
       Chain mail        |    22 |    35 |   157 |   338 |   560 |    69 ||  1181
Dodge: Dodged            |    44 |    22 |    98 |   163 |   291 |    39 ||   657
Block: Buckler           |    11 |    40 |   163 |   269 |   445 |    64 ||   992
       Other             |     1 |       |       |       |       |       ||     1
       Reflection        |       |       |     2 |     3 |     4 |     4 ||    13
